 Dungeon Crawl Stone Soup version 0.19.1 (webtiles) character file.

107 Mefis the Magician (level 4, -5/24 HPs)
             Began as a Deep Elf Wizard on Dec 14, 2016.
             Slain by a gnoll
             ... wielding a cursed -1 spear
              (10 damage)
             ... on level 2 of the Dungeon.
             The game lasted 00:02:58 (2021 turns).

Mefis the Magician (Deep Elf Wizard)                Turns: 2021, Time: 00:02:59

Health: -5/24      AC:  3    Str:  4    XL:     4   Next: 56%
Magic:  0/13       EV: 13    Int: 24    God:
Gold:   34         SH:  0    Dex: 13    Spells: 6 memorised, 1 level left

rFire  . . .     SeeInvis .     a - +0 short sword
rCold  . . .     Gourm    .     f - +0 robe
rNeg   . . .     Faith    .     (no shield)
rPois  .         Spirit   .     e - +0 hat
rElec  .         Reflect  .     (no cloak)
rCorr  .         Harm     .     (no gloves)
MR     .....                    o - +0 pair of boots
Stlth  ++........               (no amulet)
                                (no ring)
                                (no ring)

@: very slightly contaminated, repel missiles
A: no striking features
a: no special abilities


You were on level 2 of the Dungeon.
You were not hungry.

You visited 1 branch of the dungeon, and saw 2 of its levels.

You collected 34 gold pieces.

Inventory:

Hand Weapons
 a - a +0 short sword (weapon)
 b - a +0 hunting sling
Missiles
 g - 14 sling bullets
 u - 10 poisoned needles
Armour
 e - a +0 hat (worn)
 f - a +0 robe (worn)
 o - a +0 pair of boots (worn)
 s - a +0 buckler
Magical Staves
 n - an uncursed staff of fire
Wands
 l - a wand of slowing (23/48)
Scrolls
 j - 2 scrolls of identify {unknown}
 m - a scroll of fear {unknown}
 p - a scroll of immolation {unknown}
 q - a scroll of blinking {unknown}
 w - a scroll of teleportation {unknown}
Potions
 h - a potion of berserk rage {unknown}
 k - a potion of curing {unknown}
 r - a potion of flight {unknown}
 t - a potion of mutation {unknown}
 v - a potion of haste {unknown}
Books
 c - a book of Minor Magic

   Spells                             Type                      Level
   a - Magic Dart                     Conjuration                  1
   b - Blink                          Translocation                2
   c - Call Imp                       Summoning                    2
   d - Repel Missiles                 Charms/Air                   2
   e - Slow                           Hexes                        2
   f - Conjure Flame                  Conjuration/Fire             3
   g - Mephitic Cloud                 Conjuration/Poison/Air       3
Comestibles
 d - 3 bread rations
 i - a meat ration


   Skills:
 + Level 3.6 Dodging
 + Level 3.3 Stealth
 + Level 0.1 Shields
 * Level 5.5 Spellcasting
 + Level 2.1 Conjurations
 + Level 1.2 Summonings
 - Level 1.1 Translocations
 + Level 0.4 Air Magic
 + Level 0.4 Poison Magic


You had one spell level left.
You knew the following spells:

 Your Spells              Type           Power        Failure   Level  Hunger
a - Magic Dart            Conj           ###.         4%          1    None
b - Call Imp              Summ           ##......     10%         2    None
c - Blink                 Tloc           N/A          12%         2    None
d - Repel Missiles        Chrm/Air       #.....       12%         2    None
e - Mephitic Cloud        Conj/Pois/Air  ##......     21%         3    #......
f - Conjure Flame         Conj/Fire      ##......     21%         3    #......


Dungeon Overview and Level Annotations

Branches:
Dungeon (2/15)

Altars:

Annotations:
D:2 Natasha


Message History

Press: ? - help, Shift-Dir - straight line, p - Natasha The ball explodes into a vile cloud!
The stinking cloud engulfs Natasha.
Natasha is moderately wounded.
The gnoll shouts!
Natasha is engulfed in noxious fumes.
Natasha appears confused.
Natasha drinks a potion.
Natasha suddenly seems more agile.
Natasha is engulfed in noxious fumes.
Natasha appears confused.
Natasha is engulfed in noxious fumes.
Casting: Mephitic Cloud
Confirm with . or Enter, or press ? or * to list all spells.
Aiming: Magic Dart
Press: ? - help, Shift-Dir - straight line, f - shadow imp
Aim: a shadow imp (summoned)
The magic dart hits the shadow imp.
Okay, then.
The shadow imp hits you. The shadow imp hits you.
* * * LOW HITPOINT WARNING * * *
The gnoll hits you from afar with a spear!
You die...

#........#....†
#........#.....
##...#####.....
#...>.........
#....####..... #....#
###### #....#########
##########....#.......#
#.....@...............#
#.....5..(....#.......#
#.......g........######
##########....#### ..
#.##.#########
#.##..........
#.############ #(# #
...$...g)..g... #


You could see a gnoll and a shadow imp.

Vanquished Creatures
  Jessica (D:2)
  Natasha (D:2)
  An adder (D:2)
  A dart slug (D:1)
  2 leopard geckos
  3 bats (D:1)
  3 giant cockroaches
  8 goblins
  5 hobgoblins (D:1)
  4 kobolds
  A quokka (D:2)
  4 frilled lizards
  8 rats
42 creatures vanquished.

Notes
Turn   | Place    | Note
-------+----------+-------------------------------------------
     0 | D:1      | Mefis the Deep Elf Wizard began the quest for the Orb.
     0 | D:1      | Reached XP level 1. HP: 10/10 MP: 7/7
   282 | D:1      | Reached XP level 2. HP: 15/15 MP: 6/9
   286 | D:1      | Learned a level 2 spell: Call Imp
   289 | D:1      | Learned a level 2 spell: Blink
   292 | D:1      | Learned a level 2 spell: Repel Missiles
  1055 | D:1      | Reached skill level 5 in Spellcasting
  1281 | D:2      | Reached XP level 3. HP: 19/19 MP: 9/11
  1458 | D:2      | Noticed Jessica
  1466 | D:2      | Killed Jessica
  1704 | D:2      | Reached XP level 4. HP: 24/24 MP: 5/13
  1709 | D:2      | Learned a level 3 spell: Mephitic Cloud
  1713 | D:2      | Learned a level 3 spell: Conjure Flame
  1972 | D:2      | Noticed Natasha
  2008 | D:2      | Killed Natasha
  2008 | D:2      | Noticed Natasha
  2021 | D:2      | Slain by a gnoll

Skill      XL: |  1  2  3 |
---------------+----------+-----
Dodging        | 3 |  3.6
Spellcasting   | 5 |  5.5
Stealth        | 3 |  3.3
Conjurations   | 2 |  2.1
Shields        | |  0.1
Summonings     | |  1.2
Translocations | |  1.1
Air Magic      | |  0.4
Poison Magic   | |  0.4

Action                   |  1- 3 |  4- 6 || total
-------------------------+-------+-------++-------
Melee: Short sword       |     5 |       ||     5
 Cast: Magic Dart        |    71 |    23 ||    94
       Repel Missiles    |     1 |       ||     1
       Mephitic Cloud    |       |     3 ||     3
 Stab: Sleeping          |     4 |       ||     4
  Eat: Chunk             |     2 |     1 ||     3
Armor: Robe              |     2 |       ||     2
Dodge: Dodged            |    12 |     1 ||    13
       Deflected         |       |     1 ||     1
